 Dungeon Crawl Stone Soup version 0.20.0-8-g6b59dc7 (webtiles) character file.

115 MTVSty1e the Ruffian (level 4, 0/37 HPs)
             Began as a Draconian Transmuter on June 2, 2017.
             Was an Initiate of Gozag.
             Slain by an orc
             ... wielding a +0 trident
              (3 damage)
             ... on level 3 of the Dungeon.
             The game lasted 00:05:12 (2731 turns).

MTVSty1e the Ruffian (Draconian Transmuter)         Turns: 2731, Time: 00:05:14

Health: 0/37       AC:  6    Str: 13    XL:     4   Next: 68%
Magic:  3/7        EV: 11    Int: 14    God:    Gozag
Gold:   113        SH:  6    Dex: 11    Spells: 3/7 levels left

rFire    . . .     SeeInvis .     - Unarmed
rCold    . . .     Gourm    .   o - +3 buckler
rNeg     . . .     Faith    .   (armour unavailable)
rPois    .         Spirit   .   (helmet restricted)
rElec    .         Reflect  .   r - +0 cloak
rCorr    .         Harm     .   (no gloves)
MR       .....                  (no boots)
Stlth    +.........             (no amulet)
Regen    0.2/turn               (no ring)
MPRegen  0.1/turn               (no ring)

@: appendage, very slightly contaminated
A: unfitting armour, horns 2, cold-blooded, AC +5
a: End Transformation, Potion Petition, Call Merchant, Bribe Branch, Renounce
Religion


You were on level 3 of the Dungeon.
You worshipped Gozag.
Gozag was aware of your devotion.
You were not hungry.
You had grown temporary horns.
You visited 1 branch of the dungeon, and saw 3 of its levels.

You collected 146 gold pieces.
You paid 33 gold pieces to Gozag.

Inventory:

Missiles
 a - 72 arrows
Armour
 o - a +3 buckler (worn)
 r - a +0 cloak (worn)
Scrolls
 d - a scroll of noise {unknown}
 h - a scroll of magic mapping
 i - 2 scrolls of teleportation
 j - 3 scrolls of identify
 k - a scroll of amnesia {unknown}
Potions
 e - a potion of ambrosia {unknown}
 f - 2 potions of brilliance
 l - a potion of lignification {unknown}
 n - a potion of heal wounds {unknown}
Books
 b - a book of Changes

   Spells                             Type                      Level
   a - Beastly Appendage              Transmutation                1
   b - Sticks to Snakes               Transmutation                2
   c - Spider Form                    Transmutation/Poison         3
   d - Ice Form                       Ice/Transmutation            4
   e - Blade Hands                    Transmutation                5
Comestibles
 c - 4 bread rations
 g - 2 royal jellies


   Skills:
 + Level 2.9 Fighting
 - Level 1.7 Dodging
 * Level 1.6 Shields
 * Level 4.3 Unarmed Combat
 - Level 2.0 Spellcasting
 - Level 2.0 Transmutations


You had 3 spell levels left.
You knew the following spells:

 Your Spells              Type           Power        Failure   Level  Hunger
a - Beastly Appendage     Tmut           #.....       14%         1    ##.....
b - Spider Form           Tmut/Pois      #.........   54%         3    ####...


Dungeon Overview and Level Annotations

Branches:
Dungeon (3/15)

Altars:
Gozag
Okawaru


Innate Abilities, Weirdness & Mutations

Your plain brown scales are hard. (AC +5)
You cannot fit into any form of body armour.
You are cold-blooded and may be slowed by cold attacks.
You have a pair of horns on your head.


Message History

An adder comes into view.
Found a white potion.
An orc comes into view. It is wielding a trident.
The orc shouts!
Found a sedimented ruby potion.
The orc barely misses you.
You barely miss the orc. You block the kobold's attack.
The orc hits you with a trident.
You hit the orc but do no damage.
You tail-slap the orc, but do no damage.
The kobold hits you with a club. The orc hits you with a trident.
Casting: Beastly Appendage
Confirm with . or Enter, or press ? or * to list all spells.
You grow a pair of large bovine horns.
A puff of frost appears from out of thin air!
The puff of frost hits you!
* * * LOW HITPOINT WARNING * * *
The kobold closely misses you. The orc hits you with a trident.
You die...
Your body crumbles into a pile of gold.

#######.##.#
.........(.#
######.####
#o# #.#####
......w#o.{.#
!S###.###o#.#
..# ##K.# ###
#!#@# #.##o#
..# #.# #..
#.# #. #.# #
#.# #.# ..#


You could see 4 orcs and a kobold.

Vanquished Creatures
  Jessica (D:3)
  An adder (D:2)
  2 oozes
  A worm (D:2)
  2 dart slugs
  4 orcs (D:3)
  6 bats
  6 giant cockroaches
  5 goblins
  7 hobgoblins
  8 jackals
  6 kobolds
  A quokka (D:3)
  A frilled lizard (D:1)
  3 rats
54 creatures vanquished.

Notes
Turn   | Place    | Note
-------+----------+-------------------------------------------
     0 | D:1      | MTVSty1e the Draconian Transmuter began the quest for the Orb.
     0 | D:1      | Reached XP level 1. HP: 16/16 MP: 3/3
   596 | D:1      | Reached XP level 2. HP: 20/24 MP: 3/5
  1548 | D:1      | Reached XP level 3. HP: 22/29 MP: 4/6
  1799 | D:2      | Reached skill level 4 in Unarmed Combat
  2095 | D:2      | Found an iron altar of Okawaru.
  2164 | D:2      | Learned a level 3 spell: Spider Form
  2270 | D:2      | Reached XP level 4. HP: 31/37 MP: 5/7
  2346 | D:3      | Reached skill level 1 in Shields
  2373 | D:3      | Found an opulent altar of Gozag.
  2378 | D:3      | Became a worshipper of Gozag Ym Sagoz the Greedy
  2487 | D:3      | Noticed Jessica
  2490 | D:3      | Killed Jessica
  2667 | D:3      | Found a faded altar of an unknown god.
  2731 | D:3      | Slain by an orc

Skill      XL: |  1  2  3  4 |
---------------+-------------+-----
Fighting       | 2 |  2.9
Unarmed Combat | 4 |  4.3
Shields        | 1 |  1.6
Dodging        | |  1.7
Spellcasting   | |  2.0
Transmutations | |  2.0

Action                   |  1- 3 |  4- 6 || total
-------------------------+-------+-------++-------
Melee: Unarmed           |   152 |    60 ||   212
       Headbutt          |     4 |     4 ||     8
       Tailslap          |     8 |     4 ||    12
       Kick              |    10 |     3 ||    13
       Punch             |     2 |       ||     2
 Cast: Beastly Appendage |    22 |     9 ||    31
  Use: Scroll            |    10 |       ||    10
  Eat: Meat ration       |     1 |       ||     1
       Fruit             |       |     2 ||     2
Armor: Skin              |    42 |     9 ||    51
Dodge: Dodged            |    85 |    19 ||   104
Block: Buckler           |     6 |    19 ||    25
